 Dungeon Crawl Stone Soup version 0.28.0 (webtiles) character file.

Game seed: 16023192878147646241

226 Tirrikindir the Skirmisher (level 6, 0/43 HPs)
             Began as an Octopode Fighter on Feb 5, 2022.
             Was an Initiate of Okawaru.
             Slain by a sky beast (1 damage)
             ... on level 6 of the Dungeon.
             The game lasted 00:06:16 (3310 turns).

Tirrikindir the Skirmisher (Octopode Fighter)       Turns: 3310, Time: 00:06:17

Health: 0/43       AC:  1    Str: 15    XL:     6   Next: 1%
Magic:  6/6        EV: 14    Int: 10    God:    Okawaru [......]
Gold:   136        SH:  6    Dex: 14    Spells: 5/5 levels left

rFire   . . .      SeeInvis .   a - +0 long sword
rCold   . . .      Faith    .   b - +1 buckler
rNeg    . . .      Spirit   .   (helmet restricted)
rPois   .          Reflect  .   (no amulet)
rElec   .          Harm     .   (no ring)
rCorr   .          Rampage  .   (no ring)
Will    .....                   (no ring)
Stlth   +++.......              (no ring)
HPRegen 0.14/turn               (no ring)
MPRegen 0.10/turn               (no ring)
                                (no ring)
                                (no ring)

@: flying
A: almost no armour, amphibious, 8 rings, camouflage 1, gelatinous body 1,
(nimble swimmer 1), tentacles
a: Renounce Religion


You were on level 6 of the Dungeon.
You worshipped Okawaru.
Okawaru was noncommittal.
You visited 2 branches of the dungeon, and saw 5 of its levels.

You collected 136 gold pieces.

Inventory:

Hand Weapons
 a - a +0 long sword (weapon)
 f - a +0 short sword
Armour
 b - a +1 buckler (worn)
Jewellery
 d - a ring of fire
 h - a ring of fire
Scrolls
 c - a scroll of identify
 g - 2 scrolls of enchant armour
Potions
 e - a potion of brilliance


   Skills:
 + Level 3.8 Fighting
 * Level 3.7 Long Blades
 + Level 3.7 Dodging
 + Level 3.0 Stealth
 + Level 3.7 Shields
 + Level 0.2 Invocations


You had 5 spell levels left.
You didn't know any spells.
Your spell library contained the following spells:

 Spells                   Type           Power      Damage    Failure   Level
 Orb of Destruction       Conj           0%         9d5       100%        7
 Summon Guardian Golem    Hex/Summ       Unusable   N/A       N/A         3
 Spellforged Servitor     Conj/Summ      Unusable   N/A       N/A         7

Dungeon Overview and Level Annotations

Branches:
Dungeon (6/15)             Temple (1/1) D:6

Altars:
Ashenzari
Cheibriados
Elyvilon
Fedhas
Hepliaklqana
Okawaru
Qazlal
Ru
Sif Muna
Uskayaw
Vehumet
Xom
Yredelemnul
The Shining One

Shops:
D:3 (


Innate Abilities, Weirdness & Mutations

You cannot wear most types of armour.
You are amphibious.
You can wear up to eight rings at the same time.
Your skin changes colour to match your surroundings (Stealth+).
Your rubbery body absorbs attacks. (AC +1, EV +1)
((You are camouflaged when in or above water. (Stealth+)))
You have tentacles for arms and can constrict up to eight enemies at once.


Message History

You feel very buoyant.
You fly up into the air.
The centaur zombie barely misses you. The centaur zombie misses you.
It was a potion of heal wounds.
You feel much better.
You closely miss something. Something hits you. Something shocks you.
You hit something but do no damage. Something hits you. Something shocks you.
Something hits you. Something shocks you.
You closely miss something. Your squeeze misses something.
A sky beast appears from thin air!
Reactivating autopickup.
You block the sky beast's attack.
You slash the sky beast!
The sky beast is moderately wounded.
The sky beast hits you. The sky beast shocks you.
* * * LOW HITPOINT WARNING * * *
Okay, then.
You barely miss the sky beast.
You squeeze the sky beast, but do no damage.
The sky beast is moderately wounded.
The sky beast closely misses you.
Okay, then.
You barely miss the sky beast.
The sky beast is moderately wounded.
The sky beast barely misses you. You block the sky beast's attack.
You closely miss the sky beast. Your squeeze misses the sky beast.
The sky beast is moderately wounded.
You block the sky beast's attack.
You closely miss the sky beast. Your squeeze misses the sky beast.
The sky beast is moderately wounded.
You block the sky beast's attack.
You closely miss the sky beast.
The sky beast is moderately wounded.
The sky beast flickers out of sight!
Deactivating autopickup; reactivate with Ctrl-A.
Something hits you.
* * * LOW HITPOINT WARNING * * *
Something shocks you.
* * * LOW HITPOINT WARNING * * *
Something hits you.
You die...

#.......... ..#
#.......≈≈≈
.#.####.....≈≈≈≈≈
...##.....≈≈≈≈≈≈≈
........≈≈≈≈≈≈≈≈
#..#....≈≈≈≈≈≈.. ###
#..#)[..≈≈≈≈≈≈.>
.....####..#....≈≈≈≈≈≈..
#...@{Z.###...≈≈≈≈≈≈≈
#######..##.....≈≈≈≈≈
##.##Z......≈≈≈
#.##..........
####.##.####.###.
+................
...####..#.########
...........#......#
......##.#.#......#


You could see a centaur zombie.

Vanquished Creatures
  A bullfrog zombie (D:6)
  A bullfrog skeleton (D:6)
  An iguana (D:6)
  An orc wizard (D:3)
  4 adders
  2 worms
  4 orcs (D:3)
  8 ball pythons
  10 endoplasms
  4 giant cockroaches (D:1)
  5 goblins
  2 hobgoblins (D:1)
  3 jackals (D:1)
  2 quokkas
  6 bats
  5 frilled lizards
  2 kobolds
  4 rats
65 creatures vanquished.

Notes
Turn   | Place    | Note
-------+----------+-------------------------------------------
     0 | D:1      | Tirrikindir the Octopode Fighter began the quest for the
                  | Orb.
     0 | D:1      | Reached XP level 1. HP: 16/16 MP: 1/1
   328 | D:1      | Reached XP level 2. HP: 20/21 MP: 2/2
   412 | D:1      | Reached skill level 1 in Stealth
  1057 | D:1      | Reached XP level 3. HP: 26/26 MP: 3/3
  2050 | D:2      | Reached XP level 4. HP: 31/31 MP: 4/4
  2471 | D:3      | Reached XP level 5. HP: 26/36 MP: 5/5
  2760 | D:3      | Found Suacin's Weapon Emporium.
  3096 | D:3      | You fall into a shaft and drop 3 floors!
  3181 | D:6      | Found a staircase to the Ecumenical Temple.
  3191 | Temple   | Entered the Ecumenical Temple
  3250 | Temple   | Became a worshipper of Warmaster Okawaru
  3265 | D:6      | Noticed a kobold brigand
  3267 | D:6      | Noticed a black bear
  3272 | D:6      | Noticed a sky beast
  3295 | D:6      | Reached XP level 6. HP: 24/43 MP: 6/6
  3310 | D:6      | HP: 1/43 [something (6)]
  3310 | D:6      | Slain by a sky beast

Illustrated notes

Levels and vault maps discovered:
D:1:      tarquinn_simple_flora_water_d, layout_basic
D:2:      layout_loops_ring
D:3:      layout_loops_ring, serial_shops, shop, minmay_close_crescents
D:6:      layout_basic, temple_pool_b, uniq_edmund
Temple:   zaba_magenta_temple

Skill      XL: |  1  2  3  4  5 |
---------------+----------------+-----
Stealth        | 1 2 3 |  3.0
Long Blades    | 3 |  3.7
Fighting       | |  3.8
Dodging        | |  3.7
Shields        | |  3.7
Invocations    | |  0.2

Action                   |  1- 3 |  4- 6 || total
-------------------------+-------+-------++-------
Melee: Long sword        |    76 |    69 ||   145
       Tentacles         |     6 |    16 ||    22
       Punch             |     3 |       ||     3
       Constrict         |    16 |    12 ||    28
  Use: Scroll            |     3 |     1 ||     4
       Potion            |     2 |     3 ||     5
 Stab: Sleeping          |    11 |     3 ||    14
Armor: Skin              |     8 |       ||     8
Dodge: Dodged            |    36 |    42 ||    78
Block: Buckler           |    19 |    15 ||    34
